 Dungeon Crawl Stone Soup version 0.21-a0-578-gc6e9d75 (webtiles) character file.

2299 Gaball the Shooter (level 9, 0/69 HPs)
             Began as a Gnoll Wanderer on Dec 18, 2017.
             Was a Believer of Cheibriados.
             Slain by an orc warrior
             ... wielding a +0 war axe
              (12 damage)
             ... on level 7 of the Dungeon.
             The game lasted 00:15:59 (6862 turns).

Gaball the Shooter (Gnoll Wanderer)                 Turns: 6862, Time: 00:16:00

Health: 0/69       AC:  9    Str: 18    XL:     9   Next: 40%
Magic:  16/16      EV: 10    Int: 20    God:    Cheibriados [**....]
Gold:   141        SH:  0    Dex: 24    Spells: 18/18 levels left

rFire    . . .     SeeInvis .   E - +0 trident (flame)
rCold    . . .     Gourm    .   (no shield)
rNeg     . . .     Faith    .   v - +0 chain mail (curse)
rPois    .         Spirit   .   (no helmet)
rElec    .         Reflect  .   (no cloak)
rCorr    .         Harm     .   (no gloves)
MR       .....                  (no boots)
Stlth    ..........             (no amulet)
HPRegen  0.21/turn              (no ring)
MPRegen  0.15/turn              (no ring)

@: very slow
A: distributed training, fangs 1, strong nose
a: Bend Time, Renounce Religion


You were on level 7 of the Dungeon.
You worshipped Cheibriados.
Cheibriados was pleased with you.
You were hungry.

You visited 1 branch of the dungeon, and saw 7 of its levels.

You collected 323 gold pieces.
You spent 182 gold pieces at shops.

Inventory:

Hand Weapons
 a - a +2 shortbow
 q - a +0 flail of protection
 E - a +0 trident of flaming (weapon)
Armour
 e - a +0 robe
 p - a +0 chain mail
 v - a cursed +0 chain mail (worn)
 G - a cursed +0 ring mail
Jewellery
 x - an uncursed ring of protection from cold
 H - an uncursed ring of flight {unknown}
 I - an uncursed amulet of rage {unknown}
 J - an uncursed ring of resist corrosion {unknown}
 N - an uncursed ring of magical power {unknown}
 P - an uncursed ring of see invisible {unknown}
Wands
 w - a wand of paralysis (18)
 D - a wand of disintegration (9)
 K - a wand of iceblast (2)
Scrolls
 h - a scroll of remove curse {unknown}
 i - 3 scrolls of identify
 j - 2 scrolls of random uselessness {unknown}
 k - a scroll of teleportation
 r - 2 scrolls of immolation
 s - a scroll of enchant weapon {unknown}
 y - a scroll of magic mapping {unknown}
 A - a scroll of noise
 C - a scroll of blinking
 F - a scroll of fog {unknown}
 L - a scroll of amnesia {unknown}
 M - a scroll of enchant armour {unknown}
Potions
 g - a potion of brilliance {unknown}
 l - a potion of degeneration {unknown}
 m - a potion of agility
 n - a potion of heal wounds
 t - a potion of flight {unknown}
 u - a potion of cancellation {unknown}
 z - a potion of invisibility {unknown}
 B - 2 potions of haste {unknown}
 O - 3 potions of curing {unknown}
Books
 c - the Handbook of Poison

   Spells                             Type                      Level
   a - Sting                          Conjuration/Poison           1
   b - Spider Form                    Transmutation/Poison         3
 d - the Grimoire of Calling

   Spells                             Type                      Level
   a - Summon Small Mammal            Summoning                    1
   b - Recall                         Summoning/Translocation      3
 o - a book of Misfortune

   Spells                             Type                      Level
   a - Confusing Touch                Hexes                        1
   b - Confuse                        Hexes                        3
   c - Gell's Gravitas                Translocation                3
   d - Petrify                        Transmutation/Earth          4
   e - Metabolic Englaciation         Hexes/Ice                    5
   f - Yara's Violent Unravelling     Hexes/Transmutation          5
Comestibles
 f - 11 rations


   Skills:
 + Level 6.2 Fighting
 + Level 4.1 Short Blades
 + Level 4.1 Long Blades
 + Level 4.1 Axes
 + Level 4.1 Maces & Flails
 + Level 4.1 Polearms
 + Level 4.1 Staves
 + Level 4.1 Slings
 + Level 6.2 Bows
 + Level 4.1 Crossbows
 + Level 4.1 Throwing
 + Level 4.9 Armour
 + Level 4.1 Dodging
 + Level 4.8 Stealth
 + Level 4.9 Shields
 + Level 4.1 Unarmed Combat
 + Level 5.1 Spellcasting
 + Level 3.4 Conjurations
 + Level 3.4 Hexes
 + Level 3.4 Charms
 + Level 5.1 Summonings
 + Level 3.4 Necromancy
 + Level 3.4 Translocations
 + Level 3.4 Transmutations
 + Level 3.4 Fire Magic
 + Level 3.4 Ice Magic
 + Level 3.4 Air Magic
 + Level 3.4 Earth Magic
 + Level 3.4 Poison Magic
 + Level 4.5 Invocations
 + Level 4.1 Evocations


You had 18 spell levels left.
You didn't know any spells.

Dungeon Overview and Level Annotations

Branches:
Dungeon (7/15)             Temple (0/1) D:5

Altars:
Cheibriados
Makhleb
Qazlal
Wu Jian

Shops:
D:4 ?

Annotations:
D:4 Pikel


Innate Abilities, Weirdness & Mutations

Your experience applies equally to all skills.
You have very sharp teeth.
Your uncanny sense of smell can sniff out nearby items.


Message History

The orc warrior is moderately wounded.
The orc warrior hits you with a war axe!
You hit the orc warrior. You burn the orc warrior.
The orc warrior is severely wounded.
The orc warrior barely misses you.
You barely miss the orc warrior.
The orc warrior is severely wounded.
The orc warrior closely misses you.
You hit the orc warrior. You burn the orc warrior.
The orc warrior is severely wounded.
The orc warrior hits you with a war axe!
You hit the orc warrior but do no damage.
The orc warrior is severely wounded.
The orc warrior hits you with a war axe!
* * * LOW HITPOINT WARNING * * *
You hit the orc warrior but do no damage.
You bite the orc warrior.
The orc warrior is almost dead.
The orc warrior hits you with a war axe!
You die...

........########..#####...###....
..>...............####...#......#
...###.###........##.............
....##............##...........#.
....#########......#.............
....# #.##................. ....#
#.................... ....#
####..............##. .....
#.@..........#.###. .....
#o##.#.......#.###. #.#
.#.#).......##.
#...(.............#.#....
((....#.##..........#....
####.....................
#..........#....#.#.#.
#..........###.##.....
#..........##..####...


You could see an orc warrior.

Vanquished Creatures
  Grinder (D:3)
  Sigmund (D:5)
  Eustachio (D:5)
  Menkaure (D:5)
  4 slaves (D:5)
  A sky beast (D:7)
  3 ogres
  A centaur (D:7)
  A bullfrog (D:6)
  3 scorpions
  2 howler monkeys
  A crimson imp (D:5)
  A gnoll shaman (D:5)
  5 hounds
  3 jellies
  2 orc priests
  An orc wizard (D:5)
  A centaur skeleton (D:7)
  Jessica (D:3)
  An iguana (D:5)
  Ijyb (D:5)
  Terence (D:2)
  7 worker ants
  A hound zombie (D:7)
  2 hound skeletons
  A howler monkey skeleton (D:4)
  5 gnolls (D:5)
  9 adders
  A shadow imp (D:5)
  2 oozes
  An adder skeleton (D:5)
  An adder zombie (D:6)
  2 worms
  4 dart slugs
  2 leopard geckos
  15 orcs
  3 giant cockroaches
  8 hobgoblins
  A quokka (D:2)
  2 ball pythons (D:3)
  10 bats
  7 frilled lizards
  7 goblins
  A jackal skeleton (D:7)
  5 kobolds
  4 rats
138 creatures vanquished.

Notes
Turn   | Place    | Note
-------+----------+-------------------------------------------
     0 | D:1      | Gaball the Gnoll Wanderer began the quest for the Orb.
     0 | D:1      | Gaball set off with: a +2 shortbow, 25 arrows, the Handbook of Poison, the Grimoire of Calling, a +0 robe, a ration
     0 | D:1      | Reached XP level 1. HP: 20/20 MP: 4/4
    65 | D:1      | Reached XP level 2. HP: 26/26 MP: 5/5
   695 | D:2      | Reached XP level 3. HP: 31/31 MP: 7/7
   798 | D:2      | Reached skill level 1 in Invocations
  1077 | D:2      | Reached skill level 1 in Short Blades
  1077 | D:2      | Reached skill level 1 in Long Blades
  1077 | D:2      | Reached skill level 1 in Axes
  1077 | D:2      | Reached skill level 1 in Maces & Flails
  1077 | D:2      | Reached skill level 1 in Polearms
  1077 | D:2      | Reached skill level 1 in Staves
  1077 | D:2      | Reached skill level 1 in Slings
  1077 | D:2      | Reached skill level 1 in Crossbows
  1077 | D:2      | Reached skill level 1 in Throwing
  1077 | D:2      | Reached skill level 1 in Dodging
  1077 | D:2      | Reached skill level 1 in Unarmed Combat
  1077 | D:2      | Reached skill level 1 in Evocations
  1173 | D:2      | Reached XP level 4. HP: 38/38 MP: 8/8
  1248 | D:2      | Noticed Terence
  1263 | D:2      | Killed Terence
  1417 | D:3      | Noticed a sky beast
  1481 | D:2      | Reached skill level 1 in Conjurations
  1481 | D:2      | Reached skill level 1 in Hexes
  1481 | D:2      | Reached skill level 1 in Charms
  1481 | D:2      | Reached skill level 1 in Necromancy
  1481 | D:2      | Reached skill level 1 in Translocations
  1481 | D:2      | Reached skill level 1 in Transmutations
  1481 | D:2      | Reached skill level 1 in Fire Magic
  1481 | D:2      | Reached skill level 1 in Ice Magic
  1481 | D:2      | Reached skill level 1 in Air Magic
  1481 | D:2      | Reached skill level 1 in Earth Magic
  1481 | D:2      | Reached skill level 1 in Poison Magic
  1586 | D:3      | Noticed Grinder
  1590 | D:3      | Paralysed by Grinder for 3 turns
  1608 | D:3      | Paralysed by Grinder for 5 turns
  1617 | D:3      | Paralysed by Grinder for 2 turns
  1619 | D:3      | Killed Grinder
  1619 | D:3      | Reached XP level 5. HP: 39/43 MP: 8/10
  1619 | D:3      | Reached XP level 6. HP: 46/50 MP: 8/11
  1966 | D:3      | Reached skill level 5 in Fighting
  1966 | D:3      | Reached skill level 5 in Bows
  2007 | D:3      | Noticed Jessica
  2012 | D:3      | Killed Jessica
  2598 | D:4      | Reached XP level 7. HP: 44/56 MP: 12/12
  2635 | D:4      | Found an ornate altar of the Wu Jian Council.
  2652 | D:4      | Found Jiredierr's Magic Scroll Boutique.
  2669 | D:4      | Bought a scroll of immolation for 49 gold pieces
  2669 | D:4      | Bought a scroll of blinking for 105 gold pieces
  2669 | D:4      | Bought a scroll of identify for 28 gold pieces
  3024 | D:4      | Found a snail-covered altar of Cheibriados.
  3044 | D:4      | Became a worshipper of Cheibriados the Contemplative
  3431 | D:5      | Entered Level 5 of the Dungeon
  3431 | D:5      | Found a staircase to the Ecumenical Temple.
  3490 | D:5      | Noticed Sigmund
  3499 | D:5      | Killed Sigmund
  3633 | D:5      | Noticed Ijyb
  3645 | D:5      | Killed Ijyb
  3645 | D:5      | Reached XP level 8. HP: 63/63 MP: 14/14
  4356 | D:5      | Noticed Pikel
  4633 | D:5      | Reached * piety under Cheibriados
  4883 | D:5      | Noticed Menkaure
  4906 | D:5      | Killed Menkaure
  5185 | D:5      | Noticed Eustachio
  5218 | D:5      | Killed Eustachio
  5218 | D:5      | Reached XP level 9. HP: 69/69 MP: 14/16
  5689 | D:6      | Reached skill level 5 in Summonings
  5781 | D:6      | Found a stormy altar of Qazlal.
  5853 | D:6      | Found a burning altar of Makhleb.
  5956 | D:6      | Reached ** piety under Cheibriados
  6391 | D:7      | Reached skill level 5 in Spellcasting
  6862 | D:7      | Slain by an orc warrior

Vault maps used:
D:1:      nicolae_arrival_washed_ashore
D:2:      roderic_serpentine_path, uniq_terence
D:3:      hex_medium, uniq_jessica, uniq_grinder
D:4:      kennysheep_little_box, lemuel_round_altar, serial_shops,
          shop_fountains, first_ration
D:5:      minmay_temple_entry_mist, uniq_eustachio, uniq_sigmund, uniq_ijyb,
          uniq_menkaure, uniq_pikel
D:6:      bloody_makhleb, nicolae_qazlal_style_of_elements
D:7:      black_bear_nest_2, grunt_ogre_cave

Skill      XL: |  1  2  3  4  5  6  7  8  9 |
---------------+----------------------------+-----
Invocations    | 1 2 3 4 |  4.5
Short Blades   | 1 2 3 4 |  4.1
Long Blades    | 1 2 3 4 |  4.1
Axes           | 1 2 3 4 |  4.1
Maces & Flails | 1 2 3 4 |  4.1
Polearms       | 1 2 3 4 |  4.1
Staves         | 1 2 3 4 |  4.1
Slings         | 1 2 3 4 |  4.1
Crossbows      | 1 2 3 4 |  4.1
Throwing       | 1 2 3 4 |  4.1
Dodging        | 1 2 3 4 |  4.1
Unarmed Combat | 1 2 3 4 |  4.1
Evocations     | 1 2 3 4 |  4.1
Spellcasting   | 3 4 5 |  5.1
Conjurations   | 1 2 3 |  3.4
Hexes          | 1 2 3 |  3.4
Charms         | 1 2 3 |  3.4
Necromancy     | 1 2 3 |  3.4
Translocations | 1 2 3 |  3.4
Transmutations | 1 2 3 |  3.4
Fire Magic     | 1 2 3 |  3.4
Ice Magic      | 1 2 3 |  3.4
Air Magic      | 1 2 3 |  3.4
Earth Magic    | 1 2 3 |  3.4
Poison Magic   | 1 2 3 |  3.4
Armour         | 3 4 |  4.9
Stealth        | 3 4 |  4.8
Shields        | 3 4 |  4.9
Summonings     | 4 5 |  5.1
Fighting       | 5 6 |  6.2
Bows           | 5 6 |  6.2

Action                   |  1- 3 |  4- 6 |  7- 9 || total
-------------------------+-------+-------+-------++-------
Melee: Trident           |       |       |     6 ||     6
       Bite              |       |       |     1 ||     1
 Fire: Shortbow          |    65 |   142 |   430 ||   637
  Use: Scroll            |       |       |     6 ||     6
       Potion            |       |       |     2 ||     2
  Eat: Chunk             |       |     4 |    10 ||    14
Armor: Robe              |     3 |       |       ||     3
       Chain mail        |       |    61 |   109 ||   170
Dodge: Dodged            |     6 |    35 |   112 ||   153

Table legend:
 A = Spawn XP
 B = Non-spawn XP
 C = Spawn XP percentage of total XP
 D = Spawn monster count
 E = Non-spawn monster count
 F = Spawn count percentage of total count
 G = Total turns spent on level
                    A         B        C        D         E        F      G
               +---------+---------+-------+---------+---------+-------+---------
         Total |       0 |    3285 |   0.0 |       0 |     134 |   0.0 |  6862
               +---------+---------+-------+---------+---------+-------+---------
           D:1 |       0 |      28 |   0.0 |       0 |      15 |   0.0 |   660
           D:2 |       0 |     107 |   0.0 |       0 |      16 |   0.0 |   955
           D:3 |       0 |     396 |   0.0 |       0 |      33 |   0.0 |   911
           D:4 |       0 |     454 |   0.0 |       0 |      13 |   0.0 |  1128
           D:5 |       0 |    1408 |   0.0 |       0 |      35 |   0.0 |  1892
           D:6 |       0 |     472 |   0.0 |       0 |      10 |   0.0 |   816
           D:7 |       0 |     420 |   0.0 |       0 |      12 |   0.0 |   500
               +---------+---------+-------+---------+---------+-------+---------
